 Dungeon Crawl Stone Soup version 0.30-a0-613-gdd512c7efb (webtiles) character file.

Game seed: 4598100710611497651

2776 Zonian the Covert (level 9, -4/48 HPs)
             Began as a Vine Stalker Brigand on Jan 8, 2023.
             Was a Follower of Lugonu.
             Slain by an orc warrior
             ... wielding a +0 scimitar
              (13 damage)
             ... on level 8 of the Dungeon.
             The game lasted 00:15:17 (8614 turns).

Zonian the Covert (Vine Stalker Brigand)            Turns: 8614, Time: 00:15:17

Health: -4/48      AC:  4    Str: 13    XL:     9   Next: 70%
Magic:  0/12       EV: 15    Int: 11    God:    Lugonu [*.....]
Gold:   234        SH:  0    Dex: 21    Spells: 8/8 levels left

rFire   . . .      SeeInvis .    s - +0 rapier (distort)
rCold   . . .      Faith    .    (no shield)
rNeg    . . .      Spirit   +    b - +0 robe
rPois   .          Reflect  .    (no helmet)
rElec   .          Harm     .    c - +0 cloak
rCorr   .          Rampage  .    B - +0 pair of gloves
Will    +....                    (no boots)
Stlth   +++++                    F - amulet of regeneration
HPRegen 1.88/turn                (no ring)
MPRegen 0.13/turn                (no ring)

@: no status effects
A: fangs 3, regeneration 1, magic shield, antimagic bite, no potion heal 2
a: Renounce Religion, Depart the Abyss


You were on level 8 of the Dungeon.
You worshipped Lugonu.
Lugonu was aware of your devotion.
You visited 1 branch of the dungeon, and saw 8 of its levels.
You also visited: Sewer.

You collected 454 gold pieces.
You spent 220 gold pieces at shops.

Inventory:

Hand Weapons
 a - a +3 dagger
 i - a +0 whip of venom
 l - the +2 rapier of Fuzzy Blind Justice {freeze, *Corrode rC+++ rN+ Will- Str+4}
   (You bought it in a shop on level 2 of the Dungeon)

   Str:       It affects your strength (+4).
   rC:        It renders you almost immune to cold.
   rN:        It protects you from negative energy.
   *Corrode:  It may corrode you when you take damage.
   Will:      It decreases your willpower.
 s - a +0 rapier of distortion (weapon)
 t - a +2 dagger of distortion
 H - a +3 falchion
Missiles
 d - 13 poisoned darts (quivered)
 e - 2 curare-tipped darts
 G - 2 throwing nets
Armour
 b - a +0 robe (worn)
 c - a +0 cloak (worn)
 B - a +0 pair of gloves (worn)
Jewellery
 q - an amulet of the acrobat
 y - a +6 ring of strength
 F - an amulet of regeneration (around neck)
Wands
 w - a wand of paralysis (11)
 C - a wand of mindburst (4)
Scrolls
 h - 4 scrolls of teleportation
 n - 2 scrolls of fog
 x - 2 scrolls of amnesia
 z - a scroll of poison {unknown}
 A - a scroll of noise {unknown}
 D - a scroll of butterflies
 E - a scroll of enchant armour {unknown}
Potions
 f - 5 potions of curing
 g - a potion of haste
 j - 2 potions of magic
 k - 2 potions of might
 m - 3 potions of heal wounds
 o - a potion of brilliance
 p - a potion of invisibility {unknown}
 r - 7 potions of flight
 u - a potion of resistance {unknown}
 v - a potion of berserk rage


   Skills:
 + Level 5.7 Fighting
 + Level 5.7 Short Blades
 - Level 2.7 Throwing
 + Level 5.0 Dodging
 + Level 9.3 Stealth
 + Level 3.8 Invocations


You had 8 spell levels left.
You didn't know any spells.
Your spell library contained the following spells:

 Spells                   Type           Power      Damage    Failure   Level
 Blink                    Tloc           0%         N/A       47%         2
 Momentum Strike          Conj/Tloc      0%         3d8       47%         2
 Call Canine Familiar     Summ           0%         N/A       71%         3
 Lesser Beckoning         Tloc           0%         N/A       71%         3
 Ozocubu's Armour         Ice            0%         N/A       71%         3
 Portal Projectile        Hex/Tloc       0%         N/A       71%         3
 Leda's Liquefaction      Hex/Erth       0%         N/A       98%         4
 Metabolic Englaciation   Hex/Ice        0%         N/A       100%        5
 Simulacrum               Ice/Necr       0%         N/A       100%        6


Dungeon Overview and Level Annotations

Branches:
Dungeon (8/15)             Temple (0/1) D:7            Lair (0/5) D:8
  Sewer (visited)

Altars:
Gozag
Hepliaklqana
Qazlal
Sif Muna
Xom
Lugonu

Shops:
D:2 *   D:3 !

Portals:
Abyss: D:4


Innate Abilities, Weirdness & Mutations

You have razor-sharp teeth.
Your natural rate of healing is unusually fast.
When hurt, damage is shared between your health and your magic reserves.
Your bite disrupts and absorbs the magic of your enemies.
Potions cannot restore your health.


Message History

An orc comes into view.
It is wielding a +2 flail of protection.
You closely miss the orc. You bite the orc. You drain its power.
The orc is heavily wounded.
The orc closely misses you.
You closely miss the orc.
The orc is heavily wounded.
The orc closely misses you.
An orc warrior comes into view. It is wielding a +0 scimitar.
The orc warrior shouts!
You hit the orc.
The orc is devoured by a tear in reality.
Lugonu claims a new guest.
The orc hits you with a +2 flail of protection!
You closely miss the orc.
You hit the orc warrior but do no damage.
The orc warrior blinks!
You hit the orc but do no damage.
Space warps around the orc.
You bite the orc.
You kill the orc!
Lugonu accepts your kill.
The orc warrior hits you with a +0 scimitar!!
You barely miss the orc warrior. Your bite misses the orc warrior.
The orc warrior hits you with a +0 scimitar!
You hit the orc warrior but do no damage.
Space warps around the orc warrior.
You bite the orc warrior, but do no damage.
The orc warrior is lightly wounded.
The orc warrior hits you with a +0 scimitar!
You hit the orc warrior but do no damage.
Space warps around the orc warrior.
The orc warrior is moderately wounded.
The orc warrior barely misses you.
You hit the orc warrior but do no damage.
Space warps around the orc warrior.
Your bite misses the orc warrior.
The orc warrior is heavily wounded.
The orc warrior hits you with a +0 scimitar!
* * * LOW HITPOINT WARNING * * *
You closely miss the orc warrior. Your bite misses the orc warrior.
The orc warrior is heavily wounded.
The orc warrior hits you with a +0 scimitar!
You die...

###########
#.........#
###$..#.....#
....#......#
#.#######.#
#..#......#
#.##...#.....#
#..).@o......#
###.....######
#######


You could see an orc warrior.

Vanquished Creatures
  A wyvern (D:8)
  Menkaure (D:7)
  An orc warrior (D:7)
  2 ice beasts
  2 sky beasts
  An ogre (D:4)
  3 centaurs
  2 bullfrogs
  A gnoll sergeant (D:8)
  3 scorpions
  7 wights
  5 hounds
  A jelly (D:6)
  An orc priest (D:8)
  10 iguanas
  7 orc wizards
  7 gnolls
  8 adders
  4 river rats (Sewer)
  A shadow imp (D:4)
  A white imp (D:5)
  3 worms
  A dart slug (D:3)
  10 orcs
  9 ball pythons
  9 endoplasms
  4 giant cockroaches
  11 goblins
  3 hobgoblins
  6 jackals
  3 quokkas
  6 bats
  5 frilled lizards
  7 kobolds
  7 rats
153 creatures vanquished.

Vanquished Creatures (others)
  61 plants
61 creatures vanquished.

Grand Total: 214 creatures vanquished

Notes
Turn   | Place    | Note
-------+----------+-------------------------------------------
     0 | D:1      | Zonian the Vine Stalker Brigand began the quest for the
                  | Orb.
     0 | D:1      | Reached XP level 1. HP: 11/11 MP: 2/2
   152 | D:1      | Found a faded altar of an unknown god.
   307 | D:1      | Reached skill level 1 in Dodging
   307 | D:1      | Reached XP level 2. HP: 15/15 MP: 3/3
   332 | D:1      | Reached skill level 5 in Stealth
   719 | D:1      | Reached XP level 3. HP: 18/18 MP: 4/4
  1972 | D:2      | Gained mutation: Your natural rate of healing is unusually
                  | fast. [Vine Stalker growth]
  1972 | D:2      | Reached XP level 4. HP: 12/23 MP: 5/5
  2159 | D:2      | Found Gasoen's Assorted Antiques.
  2447 | D:3      | Identified the +0 helmet of Jidghim {Fly}
  2459 | D:3      | Found a stormy altar of Qazlal.
  2918 | D:3      | Found Eqaoloisk's Distillery.
  2982 | D:3      | Reached XP level 5. HP: 16/27 MP: 2/6
  3094 | D:3      | Found a shimmering altar of Xom.
  3191 | D:4      | Found an opulent altar of Gozag.
  3311 | D:4      | Noticed an ogre
  3430 | D:4      | Reached skill level 6 in Stealth
  3430 | D:4      | Reached XP level 6. HP: 32/32 MP: 7/7
  3727 | D:4      | Reached XP level 7. HP: 36/36 MP: 8/8
  3780 | D:4      | Found a glowing drain.
  3794 | Sewer    | Entered a sewer
  4444 | D:4      | Found a large runed translucent door.
  4445 | D:4      | Found a large runed translucent door.
  4447 | D:4      | Found a corrupted altar of Lugonu.
  5115 | D:4      | Found a one-way gate to the infinite horrors of the Abyss.
  5399 | D:2      | Bought a shimmering rapier for 180 gold pieces
  5399 | D:2      | Identified the +2 rapier of Fuzzy Blind Justice {freeze,
                  | *Corrode rC+++ rN+ Will- Str+4} (You bought it in a shop on
                  | level 2 of the Dungeon)
  5399 | D:2      | Bought 2 scrolls labelled HEAQEDA TETHU for 40 gold pieces
  5639 | D:4      | Became a worshipper of Lugonu the Unformed
  5693 | D:5      | Entered Level 5 of the Dungeon
  5717 | D:5      | Found a shimmering blue altar of Sif Muna.
  5759 | D:5      | Reached skill level 7 in Stealth
  5989 | D:5      | Gained mutation: You have razor-sharp teeth. [Vine Stalker
                  | growth]
  5989 | D:5      | Reached XP level 8. HP: 42/42 MP: 9/9
  6798 | D:6      | Reached skill level 1 in Invocations
  7041 | D:6      | Reached skill level 8 in Stealth
  7235 | D:6      | Reached skill level 5 in Fighting
  7235 | D:6      | Reached skill level 5 in Short Blades
  7235 | D:6      | Reached XP level 9. HP: 47/47 MP: 11/11
  7247 | D:6      | Reached * piety under Lugonu
  7270 | D:6      | Found a faded altar of an unknown god.
  7270 | D:6      | Found a hazy altar of Hepliaklqana.
  7270 | D:6      | Found a faded altar of an unknown god.
  7519 | D:7      | Found a staircase to the Ecumenical Temple.
  7805 | D:7      | Noticed Menkaure
  7808 | D:7      | Killed Menkaure
  7891 | D:7      | Reached skill level 9 in Stealth
  8341 | D:8      | Found a staircase to the Lair.
  8342 | D:8      | Noticed a komodo dragon
  8352 | D:8      | Reached skill level 5 in Dodging
  8614 | D:8      | Slain by an orc warrior

Illustrated notes

Levels and vault maps discovered:
D:1:      psy_arrival_fountain, layout_loops_corners,
          hellmonk_ecumenical_altar_slurped_away
D:2:      layout_basic, serial_shops, shop, minmay_surrounded
D:3:      layout_basic, lemuel_coloured_pillars_altar,
          nicolae_overflow_crystal_walls, serial_shops, shop_fountains
D:4:      due_chaos_kobolds, layout_loops_ring, mainiacjoe_overflow_catwalk,
          cheibrodos_sewer_entry_bend, grunt_ministairs_4
D:5:      layout_loops_ring, mainiacjoe_overflow_small_starburst,
          kennysheep_boxes
D:6:      layout_basic, nicolae_hepliaklqana_ecumenical_no_more
D:7:      layout_rooms, minmay_temple_entry_mini_moons, uniq_menkaure
D:8:      layout_basic, nicolae_dithmenos_shadow_blocks, vehumet_crystals,
          david_lair_shrubbed, serial_shops, nicolae_shop_advertising_works
          [nicolae_subvault_shop_adworks]

Skill      XL: |  1  2  3  4  5  6  7  8  9 |
---------------+----------------------------+-----
Dodging        | 1 2 3 4 5 |  5.0
Stealth        | 5 6 7 8 9 |  9.3
Short Blades   | 2 3 4 5 |  5.7
Fighting       | 2 3 4 5 |  5.7
Throwing       | 2 |  2.7
Invocations    | 2 3 |  3.8

Action                   |  1- 3 |  4- 6 |  7- 9 || total
-------------------------+-------+-------+-------++-------
Melee: Dagger            |   105 |    79 |   104 ||   288
       Bite              |    13 |    15 |    74 ||   102
       Punch             |     1 |       |       ||     1
       Rapier            |       |       |   168 ||   168
Throw: Dart              |       |     2 |     4 ||     6
Evoke: Wand              |       |       |     1 ||     1
  Use: Scroll            |       |     5 |    13 ||    18
 Stab: Sleeping          |     8 |    16 |    15 ||    39
       Distracted        |       |       |     1 ||     1
Armor: Robe              |    28 |     8 |    41 ||    77
Dodge: Dodged            |    58 |    21 |   285 ||   364

Table legend: (Time is in decaauts)
 A = Elapsed time spent in this place.
 B = Non-inter-level travel time spent in this place.
 C = Inter-level travel time spent in this place.
 D = Time resting spent in this place.
 E = Time spent auto-exploring this place.
 F = Levels seen in this place.
 G = Mean time per level.
                   A        B        C        D        E       F      G
               +--------+--------+--------+--------+--------+-----+--------+
         Total |   8622 |   8047 |    575 |   1661 |   4599 |   9 |  958.0 |
       Dungeon |   8024 |   7449 |    575 |   1416 |   4525 |   8 | 1003.0 |
         Sewer |    597 |    597 |      0 |    245 |     73 |   1 |  597.0 |
               +--------+--------+--------+--------+--------+-----+--------+

Top non-repeatable levels by time:
     D:4: 1690 daAuts
     D:2: 1481 daAuts
     D:1: 1064 daAuts
     D:5: 912 daAuts
     D:6: 895 daAuts
     D:3: 875 daAuts
   Sewer: 597 daAuts
     D:7: 570 daAuts
     D:8: 535 daAuts
